greeter, neutral female human Valkyrie -------------- -----## |............+ ...%.# |<...).......|# |...|### |.............#######|...| # |............|# #....+ ### -----.-.------ --.-- # ### # - #### % ..| #### #-..`| ### ...| ## ..- -.-.- ... |d@dd .... |.@.| ----- |.[.| ----- greeter the Skirmisher Experience level: 4 Strength: 14 Dexterity: 15 Constitution: 17 Intelligence: 8 Wisdom: 9 Charisma: 10 Health: 0(35) Energy: 12(12) Def: 10 Gold: 524 Moves: 1352 Dungeon seed: n9UkbkYAkqGcndEP Game ID: greeter_1433625147 Your Inventory: Coins $ - 524 gold pieces Amulets A - a cursed amulet of restful sleep Weapons b - a +0 dagger (weapon in hand) v - a +0 long sword Armor e - an uncursed +3 small shield (being worn) n - an uncursed +0 leather armor (being worn) q - an uncursed +0 orcish helm (being worn) y - an uncursed +0 pair of low boots (being worn) N - an uncursed +1 pair of leather gloves (being worn) Y - an uncursed +0 pair of water walking boots Comestibles c - 3 uncursed food rations k - an uncursed food ration Scrolls g - an uncursed scroll of amnesia i - an uncursed scroll of remove curse m - an uncursed scroll of scare monster B - a cursed scroll of genocide Potions C - an uncursed potion of object detection Wands f - a wand of cold (0:4) j - a wand of enlightenment (0:10) Tools d - an uncursed oil lamp (0:1140) Gems r - 32 uncursed rocks z - an uncursed worthless piece of white glass Spells known in the end: Name Level Category Fail Memory Your skills at the end: Fighting Skills Weapon Skills dagger [Skilled] spear [Basic] Spellcasting Skills Final Attributes: You were devoutly aligned. You were cold resistant. You were stealthy. You could fly. You were a werejackal. You are dead. Vanquished creatures: a shrieker 2 homunculi a kobold lord a giant bat an iguana a hobgoblin a cave spider a yellow mold a gnome zombie 8 jackals 2 goblins 4 sewer rats 6 grid bugs 2 lichens 3 newts 35 creatures vanquished. Voluntary challenges: You used a wielded weapon 89 times, starting on turn 18. You read items or engraved 3 times, starting on turn 147. You never genocided any monsters. You never polymorphed an object. You never changed form. You used no wishes. You never split a pudding. You wrote Elbereth's name 2 times, starting on turn 147. You never violated your personal moral code. Dungeon overview: The Dungeons of Doom: levels 1 to 8 Level 1 a long staircase Level 2 a delicatessen stairs to The Gnomish Mines Level 3 an armor shop, a sink Level 4 a fountain Level 5 a fountain, a sink Level 6 Level 7 a fountain Level 8 <- You were here The Gnomish Mines: Level 3 stairs to The Dungeons of Doom History has recorded: On T:1 you entered the Dungeons of Doom to retrieve the Amulet of Yendor! On T:110 you reached level 2 of The Dungeons of Doom. On T:254 you reached level 1 of The Gnomish Mines. On T:406 you reached level 3 of The Dungeons of Doom. On T:547 you advanced to experience level 2. On T:631 you advanced to experience level 3. On T:720 you reached level 4 of The Dungeons of Doom. On T:922 you reached level 5 of The Dungeons of Doom. On T:960 you reached level 6 of The Dungeons of Doom. On T:1061 you reached level 7 of The Dungeons of Doom. On T:1063 you advanced to experience level 4. On T:1218 you reached level 8 of The Dungeons of Doom. Score breakdown: Gold: 524 ( 9253 points) Experience: 4 levels ( 9649 points) Exploration: 8 levels ( 16.67%) (11577 points) Discoveries: 5 items ( 2.04%) ( 4285 points) Valuables value: (no points given unless you survive) Artifact value: 0 ( 0 points) Variety of kills: 15 monsters ( 3.96%) ( 5968 points) Time penalty: 1352 turns ( 0 points) Survival: died (score multiplied by 80%) Total score: 32585 Latest messages: The jackal starts to attack you, but pulls back. The werejackal summons help! You feel hemmed in. The werejackal starts to attack you, but pulls back. You feel that Odin is well-pleased. You feel much better. You hit the werejackal. The jackal bites! The werejackal hits! You die... Final status: Farvel greeter the Valkyrie, killed by a werejackal... You died in The Dungeons of Doom on dungeon level 8 with 32585 points, and 524 pieces of gold, after 1352 moves. You were level 4 with a maximum of 35 hit points when you died.